 Dungeon Sprint DCSS version 0.22-a0-417-g1387785 (webtiles) character file.

357 aspa the Thaumaturge (level 6, 0/36 HPs)
             Began as an Octopode Wizard on May 14, 2018.
             Was an Initiate of Vehumet.
             Slain by a yak (13 damage)
             ... in the Dungeon (Sprint I: "Red Sonja").
             The game lasted 00:02:17 (400 turns).

aspa the Thaumaturge (Octopode Wizard)               Turns: 400, Time: 00:02:18

Health: 0/36       AC:  1    Str:  6    XL:     6   Next: 64%
Magic:  14/21      EV: 13    Int: 23    God:    Vehumet [......]
Gold:   297        SH:  0    Dex: 10    Spells: 16/29 levels left

rFire    . . .     SeeInvis .   a - +1 scythe (protect)
rCold    . . .     Gourm    .   (shield currently unavailable)
rNeg     . . .     Faith    .   h - +0 hat
rPois    .         Spirit   .   (no amulet)
rElec    .         Reflect  .   (no ring)
rCorr    .         Harm     .   (no ring)
MR       .....     NoTele   +   (no ring)
Stlth    +++.......             (no ring)
HPRegen  0.12/turn              (no ring)
MPRegen  0.17/turn              (no ring)
                                (no ring)
                                (no ring)

@: no status effects
A: almost no armour, stealthy swim, amphibious, 8 rings, constrict 8, camouflage
1, gelatinous body 1
a: Renounce Religion


You were in the Dungeon.
You worshipped Vehumet.
Vehumet was noncommittal.
You were not hungry.

You visited 1 branch You collected 297 gold pieces.

Inventory:

Hand Weapons
 a - a +1 scythe of protection (weapon)
Armour
 h - a +0 hat (worn)
Scrolls
 i - a scroll of blinking
Potions
 b - a potion of mutation {unknown}
 d - a potion of curing
 e - a potion of heal wounds
 f - a potion of haste
 g - 2 potions of magic
Comestibles
 c - a ration


   Skills:
 - Level 2.0 Dodging
 - Level 2.6 Stealth
 + Level 12.1 Spellcasting
 - Level 4.0 Conjurations
 - Level 1.0 Summonings
 - Level 1.0 Translocations


You had 16 spell levels left.
You knew the following spells:

 Your Spells              Type           Power        Failure   Level  Hunger
a - Magic Dart            Conj           ####         1%          1    None
b - Call Imp              Summ           ###.....     4%          2    None
c - Mephitic Cloud        Conj/Pois/Air  ###.....     8%          3    None
d - Blink                 Tloc           N/A          4%          2    None
e - Slow                  Hex            ##......     7%          2    None
f - Conjure Flame         Conj/Fire      ###.....     6%          3    None

Your spell library contained the following spells:

 Spells                   Type           Power        Failure   Level  Hunger


Dungeon Overview and Level Annotations

Branches:
Dungeon (1/1)

Altars:
Cheibriados
Dithmenos
Elyvilon
Fedhas
Hepliaklqana
Kikubaaqudgha
Makhleb
Okawaru
Qazlal
Ru
Sif Muna
Trog
Uskayaw
Vehumet
Wu Jian
Xom
Yredelemnul
Zin
The Shining One
Jiyva
Lugonu

Shops:
D (


Innate Abilities, Weirdness & Mutations

You cannot wear most types of armour.
You are very stealthy in the water. (Stealth+)
You are amphibious.
You can wear up to eight rings at the same time.
You can use your tentacles to constrict eight enemies at once.
Your skin changes colour to match your surroundings (Stealth+).
Your rubbery body absorbs attacks. (AC +1, EV +1)


Message History

The yak closely misses you.
Your crimson imp hits the yak but does no damage. x2
The yak closely misses you.
Your crimson imp hits the yak.
Your crimson imp hits the yak but does no damage.
Your white imp hits the yak but does no damage.
You hit the yak.
The yak is severely wounded.
The yak gores you.
Your crimson imp closely misses the yak.
Your white imp hits the yak but does no damage.
Your crimson imp hits the yak.
The yak misses you.
Your crimson imp hits the yak but does no damage.
Your crimson imp hits the yak.
Your white imp barely misses the yak.
You barely miss the yak.
The yak is severely wounded.
The yak gores you!
Your crimson imp closely misses the yak.
Your white imp barely misses the yak.
Your crimson imp hits the yak.
The yak gores you!
You die...

###################
#<.#.['..#..'..#__#
#..'..#.)[..#..'..+
#..#####'#####'#__#
#..# #..#...#[####
#..#__####..##.#
#..#_____##5#_.+
#⌠⌠#_.∩..5Y@.._#
####_..__##5.#+#
___ ##+# #


You could see a yak, 2 friendly crimson imps and a friendly white imp.

Vanquished Creatures
  A slime creature (D)
  A jelly (D)
  Ijyb (D)
3 creatures vanquished.

Vanquished Creatures (collateral kills)
  Sigmund (D)
  An ogre (D)
2 creatures vanquished.

Grand Total: 5 creatures vanquished

Notes
Turn   | Place    | Note
-------+----------+-------------------------------------------
     0 | D        | aspa the Octopode Wizard began the quest for the Orb.
     0 | D        | Reached XP level 1. HP: 11/11 MP: 4/4
     1 | D        | Noticed Ijyb
    16 | D        | Killed Ijyb
    16 | D        | Reached skill level 5 in Spellcasting
    16 | D        | Reached XP level 2. HP: 17/17 MP: 5/8
    16 | D        | Reached XP level 3. HP: 21/21 MP: 5/9
    24 | D        | Learned a level 2 spell: Call Imp
    28 | D        | Learned a level 3 spell: Mephitic Cloud
    31 | D        | Learned a level 2 spell: Blink
    34 | D        | Learned a level 2 spell: Slow
    67 | D        | Noticed an ogre
    73 | D        | Killed an ogre
    73 | D        | Reached skill level 7 in Spellcasting
    73 | D        | Reached XP level 4. HP: 27/27 MP: 3/13
    78 | D        | Learned a level 3 spell: Conjure Flame
   161 | D        | Noticed Sigmund
   166 | D        | Killed Sigmund
   166 | D        | Reached skill level 9 in Spellcasting
   166 | D        | Reached XP level 5. HP: 31/31 MP: 6/17
   253 | D        | Found a burning altar of Makhleb.
   253 | D        | Found a shimmering altar of Xom.
   253 | D        | Noticed a slime creature
   257 | D        | Found a viscous altar of Jiyva.
   257 | D        | Found a corrupted altar of Lugonu.
   266 | D        | Killed a slime creature
   266 | D        | Reached skill level 11 in Spellcasting
   266 | D        | Reached XP level 6. HP: 35/36 MP: 4/20
   363 | D        | Found an ornate altar of the Wu Jian Council.
   363 | D        | Found a deep blue altar of Sif Muna.
   367 | D        | Reached skill level 12 in Spellcasting
   368 | D        | Found a radiant altar of Vehumet.
   375 | D        | Became a worshipper of Vehumet
   395 | D        | Found Fiuw's Antique Weapon Emporium.
   395 | D        | Found an ancient bone altar of Kikubaaqudgha.
   395 | D        | Found a hazy altar of Hepliaklqana.
   395 | D        | Found a stormy altar of Qazlal.
   395 | D        | Found a hide-covered altar of Uskayaw.
   395 | D        | Found a blossoming altar of Fedhas.
   395 | D        | Found a bloodstained altar of Trog.
   395 | D        | Found an iron altar of Okawaru.
   395 | D        | Found a basalt altar of Yredelemnul.
   395 | D        | Found a glowing golden altar of the Shining One.
   395 | D        | Found a snail-covered altar of Cheibriados.
   395 | D        | Found a sacrificial altar of Ru.
   395 | D        | Found a glowing silver altar of Zin.
   395 | D        | Found a shadowy altar of Dithmenos.
   395 | D        | Found a white marble altar of Elyvilon.
   395 | D        | Noticed a yak
   400 | D        | Slain by a yak

Vault maps used:
D:        dungeon_sprint_1

Skill      XL: |  1  2  3  4  5  6 |
---------------+-------------------+-----
Spellcasting   | 5 7 9 11 12 | 12.1
Conjurations   | 3 4 |  4.0
Dodging        | |  2.0
Stealth        | |  2.6
Summonings     | |  1.0
Translocations | |  1.0

Action                   |  1- 3 |  4- 6 || total
-------------------------+-------+-------++-------
Melee: Unarmed           |    12 |     2 ||    14
       Constrict         |     1 |     1 ||     2
       Tentacles         |       |     1 ||     1
       Scythe            |       |     4 ||     4
 Cast: Call Imp          |     2 |     8 ||    10
       Mephitic Cloud    |     1 |     1 ||     2
       Magic Dart        |       |     5 ||     5
       Conjure Flame     |       |     4 ||     4
  Use: Potion            |     1 |       ||     1
 Stab: Sleeping          |     1 |       ||     1
Dodge: Dodged            |     7 |     4 ||    11

Table legend:
 A = Spawn XP
 B = Non-spawn XP
 C = Spawn XP percentage of total XP
 D = Spawn monster count
 E = Non-spawn monster count
 F = Spawn count percentage of total count
 G = Total turns spent on level
                    A         B        C        D         E        F      G
               +---------+---------+-------+---------+---------+-------+---------
         Total |       0 |     511 |   0.0 |       0 |       5 |   0.0 |   400
               +---------+---------+-------+---------+---------+-------+---------
             D |       0 |     511 |   0.0 |       0 |       5 |   0.0 |   400
               +---------+---------+-------+---------+---------+-------+---------
